cohdb
Replays
Latest Replays
All Replays
Popular Replays
Top Player Replays
Match Explorer
How It Works
Community
CoH3 Stats
Reddit
Sign in to upload your games and track your stats! →
Sign in with Steam
Match 47220910
Unlisted
Match 47220910
Overview
Messages
Build Orders
End
Panzerpioneer Squad
Selects Armored Support Battlegroup
Kradschützen Motorcycle Team
Panzerpioneer Squad
250 Light Carrier
Panzerpioneer Squad
Construct Light Support Kompanie
Fire Support Elements
Pak 38 Mechanized Group
Flakvierling Half-track
Selects Vehicle Awareness
Selects Veteran Gunners
Vehicle Survival Package
Veteran Squad Leaders
Construct Panzerarmee Kommand
DoMxNightM4rE
zintoko
김수빈
Yoddha
Farsit
AnyMany
0
0
Comments
sign in to comment!
No comments posted yet!